 Dungeon Crawl Stone Soup version 0.21.1-1-g345015fe64 (webtiles) character file.

158 Htamos the Firebug (level 5, -7/38 HPs)
             Began as a Draconian Fire Elementalist on July 17, 2018.
             Mangled by an iguana (11 damage)
             ... on level 4 of the Dungeon.
             The game lasted 00:08:03 (4157 turns).

Htamos the Firebug (Draconian Fire Elementalist)    Turns: 4157, Time: 00:08:04

Health: -7/38      AC:  5    Str: 10    XL:     5   Next: 16%
Magic:  5/10       EV: 12    Int: 16    God:
Gold:   219        SH:  0    Dex: 12    Spells: 5/11 levels left

rFire    . . .     SeeInvis .   h - +0 whip
rCold    . . .     Gourm    .   (no shield)
rNeg     . . .     Faith    .   (armour unavailable)
rPois    .         Spirit   .   (helmet restricted)
rElec    .         Reflect  .   (no cloak)
rCorr    .         Harm     .   (no gloves)
MR       .....                  (no boots)
Stlth    ++........             (no amulet)
HPRegen  0.12/turn              (no ring)
MPRegen  0.12/turn              (no ring)

@: no status effects
A: unfitting armour, cold-blooded, AC +5
a: no special abilities


You were on level 4 of the Dungeon.
You were hungry.

You visited 1 branch of the dungeon, and saw 4 of its levels.

You collected 219 gold pieces.

Inventory:

Hand Weapons
 c - a +0 club
 h - a +0 whip (weapon)
 p - a +0 quarterstaff
 u - a +0 blowgun
Missiles
 o - 9 poisoned needles
Jewellery
 i - a cursed ring of wizardry {unknown}
 m - a +5 ring of intelligence {unknown}
Scrolls
 d - 2 scrolls of enchant armour
 g - 3 scrolls of remove curse
 r - a scroll of blinking {unknown}
 t - 2 scrolls of teleportation {unknown}
 w - a scroll of identify {unknown}
 x - a scroll of amnesia {unknown}
Potions
 e - a potion of cancellation {unknown}
 f - a potion of lignification {unknown}
 l - a potion of mutation {unknown}
 n - a potion of agility {unknown}
 q - a potion of invisibility {unknown}
 s - a potion of might {unknown}
 v - a potion of flight {unknown}
Books
 a - a book of Flames

   Spells                             Type                      Level
   a - Flame Tongue                   Conjuration/Fire             1
   b - Throw Flame                    Conjuration/Fire             2
   c - Conjure Flame                  Conjuration/Fire             3
   d - Inner Flame                    Hexes/Fire                   3
   e - Sticky Flame                   Conjuration/Fire             4
   f - Fireball                       Conjuration/Fire             5
Comestibles
 b - 8 rations


   Skills:
 - Level 1.7 Dodging
 - Level 1.7 Stealth
 * Level 3.5 Spellcasting
 - Level 2.9 Conjurations
 * Level 3.9 Fire Magic


You had 5 spell levels left.
You knew the following spells:

 Your Spells              Type           Power        Failure   Level  Hunger
a - Flame Tongue          Conj/Fire      ##...        4%          1    None
b - Conjure Flame         Conj/Fire      ##......     13%         3    ###....
c - Throw Flame           Conj/Fire      ##....       6%          2    ##.....


Dungeon Overview and Level Annotations

Branches:
Dungeon (4/15)
 Temple: D:4-7

Altars:
Makhleb
Ru
Wu Jian
Yredelemnul
The Shining One

Annotations:
D:4 Sigmund


Innate Abilities, Weirdness & Mutations

Your plain brown scales are hard. (AC +5)
You cannot fit into any form of body armour.
You are cold-blooded and may be slowed by cold attacks.


Message History

Aiming: Flame Tongue
Press: ? - help, Shift-Dir - straight line, f/p - iguana
Aim: an iguana (severely wounded)
The flame tongue misses the iguana.
The iguana bites you!
* * * LOW HITPOINT WARNING * * *
Casting: Flame Tongue
Confirm with . or Enter, or press ? or * to list all spells.
Aiming: Conjure Flame
Press: ? - help, Dir - move target cursor, f/p - iguana
Aim: an iguana (severely wounded)
You can't place the cloud on a creature.
Casting: Conjure Flame
Confirm with . or Enter, or press ? or * to list all spells.
Aiming: Flame Tongue
Press: ? - help, Shift-Dir - straight line, f/p - iguana
Aim: an iguana (severely wounded)
The flame tongue hits the iguana.
The iguana is severely wounded.
The iguana bites you!
You die...

##...@..........#
#...............#
#...............###
..............<...#
..............##....#
..............#####...
................## .
............#....###
#..........####.@l.#
##...####### ###...#
#...## #....# ...##
##...# ..## ... .## ..
## . #


You could see an iguana.

Vanquished Creatures
  A scorpion (D:3)
  2 adders (D:2)
  An ooze (D:2)
  5 worms
  2 dart slugs (D:1)
  An orc (D:3)
  2 giant cockroaches (D:4)
  5 goblins
  8 hobgoblins
  7 jackals
  8 bats
  5 frilled lizards
  12 kobolds
  6 rats
65 creatures vanquished.

Notes
Turn   | Place    | Note
-------+----------+-------------------------------------------
     0 | D:1      | Htamos the Draconian Fire Elementalist began the quest for the Orb.
     0 | D:1      | Reached XP level 1. HP: 14/14 MP: 3/3
   412 | D:1      | Reached XP level 2. HP: 13/20 MP: 0/5
   867 | D:1      | Found a glowing golden altar of the Shining One.
  1376 | D:1      | Reached XP level 3. HP: 26/26 MP: 0/6
  1381 | D:1      | Learned a level 3 spell: Conjure Flame
  1652 | D:2      | Found a burning altar of Makhleb.
  2346 | D:2      | Reached XP level 4. HP: 33/33 MP: 4/8
  2617 | D:2      | Found an ornate altar of the Wu Jian Council.
  2851 | D:3      | Found a sacrificial altar of Ru.
  2916 | D:3      | Found a basalt altar of Yredelemnul.
  3808 | D:4      | Noticed Sigmund
  3832 | D:4      | Noticed an ogre
  3838 | D:4      | Learned a level 2 spell: Throw Flame
  3912 | D:3      | Reached XP level 5. HP: 6/38 MP: 4/10
  4157 | D:4      | Mangled by an iguana

Skill      XL: |  1  2  3  4 |
---------------+-------------+-----
Conjurations   | 2 |  2.9
Spellcasting   | 3 |  3.5
Dodging        | |  1.7
Stealth        | |  1.7
Fire Magic     | |  3.9

Action                   |  1- 3 |  4- 6 || total
-------------------------+-------+-------++-------
Melee: Club              |    13 |       ||    13
       Whip              |    26 |    11 ||    37
       Tailslap          |     3 |     4 ||     7
 Cast: Flame Tongue      |    91 |    60 ||   151
  Use: Scroll            |       |     3 ||     3
       Potion            |       |     2 ||     2
  Eat: Chunk             |     5 |     5 ||    10
Armor: Skin              |    22 |    12 ||    34
Dodge: Dodged            |    53 |    26 ||    79
